 Dungeon Crawl Stone Soup version 0.19-a0-1834-g6b7851e (webtiles) character file.

67 wazuzu the Poker (level 4, 33/35 HPs)
             Began as a Demonspawn Berserker on Oct 8, 2016.
             Was a Believer of Trog.
             Quit the game on level 2 of the Dungeon.
             The game lasted 00:03:23 (1462 turns).

wazuzu the Poker (Demonspawn Berserker)             Turns: 1462, Time: 00:03:24

Health: 33/35      AC:  2    Str: 17    XL:     4   Next: 0%
Magic:  4/4        EV: 12    Int:  8    God:    Trog [**....]
Gold:   54         SH:  0    Dex: 14    Spells: 0 memorised, 3 levels left

rFire  . . .     SeeInvis .     a - +0 spear
rCold  . . .     Gourm    .     b - +0 animal skin
rNeg   . . .     Faith    .     (no shield)
rPois  .         Spirit   .     (no helmet)
rElec  .         Dismiss  .     (no cloak)
rCorr  .         Reflect  .     (no gloves)
MR     .....     Harm     .     (no boots)
Stlth  +......... Rnd*Tele +    (no amulet)
                                (no ring)
                                g - ring of teleportation (curse)

@: no status effects
A: claws 1, powered by pain 1, rot immunity
a: Berserk, Trog's Hand, Burn Spellbooks, Renounce Religion


You were on level 2 of the Dungeon.
You worshipped Trog.
Trog was pleased with you.
You were not hungry.

You visited 1 branch of the dungeon, and saw 2 of its levels.

You collected 54 gold pieces.

Inventory:

Hand Weapons
 a - a +0 spear (weapon)
Armour
 b - a +0 animal skin (worn)
Jewellery
 g - a cursed ring of teleportation (left claw)
Scrolls
 d - a scroll of remove curse {unknown}
Potions
 e - a potion of heal wounds {unknown}
Comestibles
 c - a bread ration
 f - 4 chunks of flesh


   Skills:
 - Level 3.0 Fighting
 + Level 4.4 Polearms
 - Level 1.7 Armour
 - Level 1.7 Dodging


You had 3 spell levels left.
You didn't know any spells.

Dungeon Overview and Level Annotations

Branches:
Dungeon (1/15)

Altars:


Innate Abilities, Weirdness & Mutations

You have sharp fingernails.
You sometimes gain a little power by taking damage.
You are immune to rotting.


Message History

Press: ? - help, Dir - move target cursor, f - bat
Aim: a bat You reach to attack!
You closely miss the bat. The bat barely misses you.
You hit the bat but do no damage. The bat hits you but does no damage.
The bat barely misses you. The bat hits you.
You hit the bat.
You kill the bat!
Trog accepts your kill.
You have reached level 4!
You feel agile.
You feel monstrous as your demonic heritage exerts itself.
Your demonic ancestry asserts itself...
Your fingernails lengthen.
Are you sure you want to abandon this character and quit the game? (Confirm with "yes".)
Okay, then.
g - a twisted onyx ring Put on which piece of jewellery? (? for menu, Esc to quit)
You feel slightly jumpy.
Oops, that ring feels deathly cold.
g - a cursed ring of teleportation (left claw) Are you sure you want to abandon this character and quit the game? (Confirm with "yes".)

#.# #####.#
#.###......##
#.##........#
#....#......#
####.........
########.#.....
.......#.# ....
####....############.#
......>........@..†...#
#####...###############
#####


There were no monsters in sight!

Vanquished Creatures
  An adder (D:2)
  An ooze (D:2)
  5 worms (D:2)
  2 dart slugs (D:2)
  A leopard gecko (D:2)
  3 goblins (D:2)
  3 hobgoblins (D:1)
  5 jackals (D:2)
  A quokka (D:2)
  4 bats (D:2)
  3 frilled lizards (D:2)
  4 kobolds (D:2)
  3 rats (D:2)
36 creatures vanquished.

Notes
Turn   | Place    | Note
-------+----------+-------------------------------------------
     0 | D:1      | wazuzu the Demonspawn Berserker began the quest for the Orb.
     0 | D:1      | Reached XP level 1. HP: 18/18 MP: 1/1
    27 | D:1      | Reached skill level 3 in Polearms
    48 | D:1      | You fall through a shaft!
   380 | D:2      | Gained mutation: You sometimes gain a little power by taking damage. [demonic ancestry]
   380 | D:2      | Reached XP level 2. HP: 14/24 MP: 2/2
   616 | D:2      | Gained mutation: You are immune to rotting. [demonic ancestry]
   616 | D:2      | Reached XP level 3. HP: 17/29 MP: 3/3
   757 | D:2      | Reached ** piety under Trog
   758 | D:2      | Reached skill level 4 in Polearms
  1457 | D:2      | Gained mutation: You have sharp fingernails. [demonic ancestry]
  1457 | D:2      | Reached XP level 4. HP: 33/35 MP: 4/4
  1462 | D:2      | Quit the game

Vault maps used:
D:1:      dpeg_arrival_tiny_i
D:2:      minmay_close_crescents

Skill      XL: |  1  2  3 |
---------------+----------+-----
Polearms       | 3 4 |  4.4
Fighting       | |  3.0
Armour         | |  1.7
Dodging        | |  1.7

Action                   |  1- 3 |  4- 6 || total
-------------------------+-------+-------++-------
Melee: Spear             |   182 |       ||   182
Invok: Berserk           |     5 |       ||     5
 Stab: Sleeping          |     2 |       ||     2
  Eat: Chunk             |     7 |       ||     7
Armor: Animal skin       |    17 |       ||    17
Dodge: Dodged            |    81 |       ||    81
